Map: Tacit Sanctity LE

Players

Wlodziu - Winner!

  • Race: Zerg Zerg
  • Spawn Location: 7:00

Iceberg - Winner!

  • Race: Protoss Protoss
  • Spawn Location: 6:00

Leon - Winner!

  • Race: Zerg Zerg
  • Spawn Location: 9:00

Naidden

  • Race: Terran Terran
  • Spawn Location: 12:00

ADYGENIUS

  • Race: Terran Terran
  • Spawn Location: 1:00

Zozi

  • Race: Protoss Protoss
  • Spawn Location: 3:00

VOD

Have the link to the VOD?

Description

Time

  • Played on: Feb. 1, 2026, 2:08 p.m.
  • Length: 16:30
Show
View Real Time Build Order
Export as new Build Order

Wlodziu Zerg - Winner!

Build Orders: Hatch First 

Get SALT Encoding   

  12  0:03  Drone  
  13  0:13  Overlord  
  13  0:29  Drone  
  13  0:32  Drone x2  
  16  0:40  Drone  
  17  0:54  Hatchery, Drone  
  17  0:57  Extractor  
  17  1:01  Drone  
  17  1:17  Spawning Pool  
  17  1:18  Drone  
  17  1:24  Drone  
  18  1:34  Drone  
  19  1:53  Overlord  
  19  2:08  Zergling x6  
  20  2:09  Queen  
  20  2:12  Queen  
  26  2:21  Zergling x4  
  28  2:26  Metabolic Boost  
  28  2:44  Zergling x4  
  28  2:49  Queen  
  28  2:51  Queen  
  34  2:56  Overlord  
  32  3:34  Roach Warren  
  32  3:36  Extractor  
  32  3:40  Zergling x2  
  32  3:41  Zergling x16  
  26  4:18  Zergling x2  
  26  4:46  Zergling x2  
  26  4:51  Overlord x3  
  27  5:09  Roach x7  
  41  5:24  Evolution Chamber  
  41  5:27  Evolution Chamber  
  39  5:43  Roach  
  39  5:47  Roach x3  
  39  5:48  Roach x3  
  51  6:07  Overlord x2  
  49  6:30  Roach x4  
  51  6:43  Roach x2  
  47  6:58  Roach  
  47  6:59  Roach x2  
  53  7:33  Roach x4  
  53  7:34  Roach  
  53  8:13  Roach  
  53  8:14  Roach x5  
  55  8:46  Lair  
  55  8:47  Zerg Missile Weapons Level 1  
  55  8:52  Drone x5  
  60  8:56  Drone  
  61  9:23  Drone x7  
  68  9:28  Extractor  
  68  9:29  Extractor  
  66  9:38  Zerg Ground Armor Level 1  
  66  9:58  Overseer  
  58  10:35  Drone x4  
  59  10:36  Drone x6  
  68  10:55  Infestation Pit, Zerg Melee Weapons Level 1  
  67  11:06  Hatchery  
  66  11:20  Extractor x2  
  64  11:39  Hive  
  64  11:42  Zerg Ground Armor Level 2  
  64  11:49  Drone, Overlord  
  64  11:50  Overlord x5  
  65  12:13  Spire  
  64  12:25  Drone  
  64  12:26  Drone x10  
  75  12:35  Drone x2  
  77  12:57  Pneumatized Carapace  
  77  13:03  Ultralisk Cavern  
  76  13:12  Hydralisk Den  
  75  13:19  Corruptor  
  75  13:20  Corruptor x3  
  75  13:25  Drone x2  
  75  13:26  Drone x2  
  77  13:36  Corruptor  
  79  13:50  Spore Crawler  
  79  13:52  Spore Crawler  
  79  13:55  Drone x6, Spore Crawler  
  82  14:06  Anabolic Synthesis  
  82  14:27  Greater Spire  
  82  14:49  Chitinous Plating, Corruptor  
  82  14:50  Corruptor x6  
  92  15:12  Corruptor x3  
  92  15:13  Corruptor x2  
  100  15:47  Ultralisk x2  
  118  16:16  Extractor  
  118  16:18  Hatchery  
Show
View Real Time Build Order
Export as new Build Order

Iceberg Protoss - Winner!

Build Orders: 1 Gate Expand 

Get SALT Encoding   

  12  0:00  Probe  
  13  0:12  Probe  
  14  0:18  Pylon  
  14  0:24  Probe  
  15  0:33  Probe  
  15  0:42  Gateway  
  16  0:46  Probe  
  16  0:49  Assimilator  
  17  0:58  Probe  
  18  1:10  Probe  
  19  1:25  Nexus  
  19  1:28  Probe  
  20  1:38  Probe  
  20  1:41  Cybernetics Core  
  20  1:46  Probe  
  21  1:50  Pylon  
  22  1:55  Probe  
  23  2:08  Probe, Zealot  
  23  2:10  Warp Gate  
  26  2:18  Gateway  
  26  2:33  Assimilator  
  26  2:40  Gateway  
  28  2:48  Probe  
  27  2:53  Zealot  
  29  3:00  Probe  
  29  3:02  Probe  
  31  3:12  Stalker  
  31  3:13  Probe  
  31  3:14  Probe  
  35  3:25  Probe  
  35  3:26  Probe  
  37  3:37  Probe  
  37  3:38  Probe  
  35  3:59  Zealot x3  
  41  4:19  Probe x2  
  41  4:23  Assimilator  
  41  4:26  Assimilator  
  41  4:31  Probe x2  
  39  4:43  Probe x2  
  41  4:50  Zealot x3  
  45  4:55  Probe  
  46  5:03  Pylon  
  46  5:05  Pylon  
  46  5:07  Pylon  
  46  5:10  Pylon  
  46  5:20  Probe  
  46  5:21  Probe  
  48  5:24  Gateway  
  48  5:27  Gateway  
  48  5:28  Probe  
  48  5:29  Probe  
  48  5:31  Gateway  
  48  5:32  Gateway  
  50  5:36  Probe  
  50  5:37  Probe, Twilight Council  
  50  5:38  Stalker x2  
  50  5:39  Stalker  
  50  5:41  Pylon  
  58  5:43  Pylon  
  58  5:46  Pylon  
  58  5:47  Probe x2  
  60  5:59  Probe x2  
  58  6:10  Stalker x3  
  64  6:12  Probe  
  65  6:23  Stalker x2  
  67  6:43  Charge  
  59  6:56  Zealot x6  
  59  6:57  Zealot  
  59  7:00  Probe x2  
  75  7:07  Twilight Council  
  75  7:12  Probe x2  
  77  7:24  Probe x2  
  77  7:26  Zealot  
  77  7:28  Zealot x5  
  77  7:29  Zealot, Blink  
  89  7:36  Probe x2  
  81  7:48  Probe x2  
  81  7:49  Zealot x4  
  81  7:50  Zealot x3  
  91  8:20  Probe  
  91  8:21  Probe  
  91  8:27  Nexus  
  91  8:29  Pylon  
  91  8:32  Pylon  
  91  8:33  Probe  
  92  8:35  Pylon  
  92  8:40  Nexus  
  90  8:42  Pylon  
  90  8:46  Pylon  
  90  8:49  Pylon  
  90  8:51  Stalker x3  
  90  8:52  Stalker x4  
  90  8:53  Probe x2  
  106  9:05  Probe  
  107  9:14  Gateway  
  107  9:17  Gateway x2  
  107  9:28  Zealot x5  
  117  9:37  Templar Archives, Dark Shrine  
  117  9:45  Probe  
  118  9:57  Probe  
  119  10:09  Probe  
  119  10:10  Assimilator  
  119  10:13  Forge  
  120  10:14  Forge  
  120  10:15  Assimilator x2  
  120  10:16  Forge, Probe  
  120  10:19  Assimilator  
  120  10:20  Probe x2  
  120  10:21  Probe  
  124  10:26  High Templar x4  
  124  10:27  High Templar x6  
  124  10:28  Probe  
  145  10:32  Probe  
  145  10:33  Probe x2, Archon  
  145  10:34  Archon x3  
  148  10:37  Archon, Protoss Ground Weapons Level 1  
  148  10:38  Protoss Ground Armor Level 1, Protoss Shields Level 1  
  148  10:40  Probe  
  149  10:44  Probe  
  150  10:51  Probe  
  150  10:52  Probe  
  152  11:03  Probe  
  153  11:04  Probe  
  154  11:15  Photon Cannon, Probe, Dark Templar  
  154  11:16  Dark Templar x3, Probe  
  154  11:17  Dark Templar x4, Photon Cannon  
  172  11:22  Photon Cannon  
  172  11:24  Photon Cannon  
  172  11:26  Photon Cannon  
  172  11:27  Probe  
  172  11:29  Probe  
  175  11:40  Probe  
  175  11:44  Pylon  
  175  11:45  Pylon  
  175  11:46  Pylon  
  175  11:50  Stalker x2, Pylon  
  175  11:51  Pylon  
  175  11:52  Pylon  
  175  11:54  Pylon  
  179  11:55  Pylon  
  179  11:56  Pylon  
  179  12:11  Nexus  
  179  12:12  Protoss Ground Weapons Level 2, Protoss Ground Armor Level 2  
  179  12:13  Protoss Shields Level 2  
  179  12:14  Stalker x5, Assimilator  
  179  12:15  Stalker x3  
  195  12:17  Assimilator  
  195  12:19  Pylon  
  195  12:20  Robotics Facility  
  195  12:21  Pylon  
  195  12:23  Robotics Facility  
  195  12:24  Pylon  
  195  12:35  Pylon  
  195  12:41  Pylon  
  195  12:44  Pylon  
  195  13:07  Stalker x2  
  195  13:11  Observer  
  182  15:08  Stalker x2  
  182  15:09  Stalker x6  
  182  15:10  Stalker  
  188  15:21  Zealot  
  162  16:02  Stalker x4  
  162  16:03  Stalker x5  
  162  16:04  Stalker  
Show
View Real Time Build Order
Export as new Build Order

Leon Zerg - Winner!

Build Orders: Hatch First 

Get SALT Encoding   

  12  0:02  Drone  
  13  0:20  Overlord  
  13  0:22  Drone  
  14  0:38  Drone x2  
  16  0:50  Hatchery  
  15  0:58  Drone  
  15  0:59  Drone  
  15  1:00  Extractor  
  16  1:15  Spawning Pool  
  16  1:17  Drone  
  16  1:27  Drone x2  
  18  1:47  Drone  
  19  2:06  Zergling x6  
  22  2:13  Zergling x2  
  22  2:14  Zergling x2  
  24  2:19  Zergling x2  
  24  2:21  Queen  
  27  2:24  Overlord  
  27  2:29  Metabolic Boost  
  27  2:42  Queen  
  29  2:45  Zergling x8  
  29  2:51  Drone  
  34  3:01  Drone  
  34  3:02  Zergling x2  
  36  3:06  Overlord  
  36  3:14  Extractor  
  35  3:21  Overlord  
  32  3:29  Zergling x4  
  32  3:30  Zergling x2  
  35  3:43  Zergling x2  
  35  3:44  Zergling x6  
  28  4:03  Zergling x2  
  28  4:04  Zergling x16  
  33  4:10  Queen  
  33  4:13  Zergling x2  
  33  4:16  Zergling x2  
  35  4:35  Zergling x2  
  35  4:36  Zergling x6  
  35  4:47  Zergling x8  
  39  5:00  Zergling x2  
  39  5:01  Zergling x4  
  39  5:06  Drone  
  43  5:08  Baneling Nest  
  43  5:11  Drone  
  43  5:27  Drone x4  
  47  5:31  Drone x2  
  47  5:34  Overlord  
  49  5:52  Baneling x4  
  49  5:53  Baneling x5  
  49  6:01  Baneling  
  48  6:24  Drone x2  
  50  6:27  Zergling x18  
  53  6:45  Lair  
  49  6:54  Zergling x2  
  49  6:55  Extractor, Zergling x18  
  49  6:57  Extractor  
  49  6:59  Baneling x4  
  57  7:02  Baneling  
  48  7:25  Zergling x18  
  43  7:44  Drone x5  
  43  8:00  Zergling x2  
  43  8:01  Zergling x2  
  41  8:08  Drone x3  
  41  8:09  Drone x2, Spire  
  41  8:12  Drone  
  46  8:33  Zergling x8  
  50  8:52  Drone  
  50  8:53  Drone x3  
  54  8:56  Drone x2  
  54  8:57  Drone, Overlord  
  57  9:04  Hatchery  
  56  9:18  Mutalisk x3  
  56  9:19  Mutalisk x3  
  68  9:25  Overlord  
  68  9:26  Overlord  
  68  9:39  Extractor  
  68  9:44  Extractor  
  66  9:45  Overlord  
  66  9:47  Mutalisk x3  
  72  10:16  Queen  
  72  10:18  Mutalisk x7  
  88  10:39  Drone x5  
  88  10:40  Drone x5  
  98  10:54  Overlord x2  
  98  11:11  Overlord  
  98  11:14  Baneling x10  
  98  11:27  Drone x2  
  98  11:32  Mutalisk x4  
  102  11:33  Mutalisk x2  
  102  11:36  Overlord  
  102  11:37  Hatchery  
  102  11:39  Overlord  
  111  11:58  Corruptor x2  
  111  11:59  Corruptor x2  
  119  12:24  Drone  
  119  12:25  Drone x5  
  119  12:27  Extractor  
  119  12:29  Extractor  
  123  12:31  Spire  
  123  12:32  Spire  
  123  12:35  Drone x3  
  123  12:36  Drone x4  
  126  13:02  Queen  
  128  13:08  Centrifugal Hooks  
  128  13:10  Overlord x2  
  128  13:11  Overlord x2  
  128  13:14  Pneumatized Carapace  
  128  13:18  Overseer  
  128  13:41  Corruptor  
  128  13:42  Corruptor x9  
  128  13:43  Corruptor  
  150  13:53  Overseer  
  148  14:21  Corruptor x3  
  148  14:22  Corruptor x3  
  160  14:25  Overlord x4  
  160  14:26  Overlord  
  160  14:27  Zerg Flyer Armor Level 1  
  160  15:02  Zergling x18  
  160  15:03  Zergling x20  
  175  15:28  Mutalisk  
  175  15:29  Mutalisk x10  
  198  16:19  Infestation Pit  
  198  16:22  Evolution Chamber x2  
Show
View Real Time Build Order
Export as new Build Order

Naidden Terran 

Build Orders:  

Get SALT Encoding   

  12  0:00  SCV  
  13  0:16  SCV  
  14  0:28  SCV  
  14  0:32  Supply Depot  
  15  0:54  SCV  
  15  0:55  Barracks  
  16  1:00  Barracks  
  16  1:06  SCV  
  17  1:12  Supply Depot  
  17  1:18  SCV  
  18  1:30  SCV  
  18  1:31  Refinery  
  19  1:37  Supply Depot  
  19  1:42  SCV  
  19  1:43  Marine  
  21  1:48  Marine  
  22  1:55  Barracks  
  22  2:00  Marine  
  23  2:09  Marine  
  24  2:18  Marine  
  25  2:27  Marine  
  26  2:36  Marine  
  27  2:44  Marine  
  27  2:46  Marine  
  27  2:49  SCV  
  27  2:51  Command Center  
  30  3:00  Supply Depot  
  30  3:02  Marine  
  31  3:08  Marine x2  
  33  3:18  SCV  
  34  3:30  Supply Depot  
  34  3:39  Marine x3  
  37  3:57  Marine  
  38  4:04  Marine x2  
  32  4:15  Marine  
  33  4:22  Marine x2  
  33  4:32  Marine  
  34  4:40  Marine x2  
  34  4:50  Marine  
  34  4:52  Orbital Command  
  35  4:55  Orbital Command  
  35  4:56  Refinery  
  35  4:58  Marine x2  
  37  5:01  Factory  
  37  5:08  Marine  
  38  5:16  Marine x2  
  38  5:21  SCV  
  41  5:23  SCV  
  41  5:26  Supply Depot  
  42  5:32  Engineering Bay  
  42  5:35  SCV, Marine  
  42  5:36  Marine x2  
  46  5:48  SCV  
  47  5:53  Marine x2  
  47  5:54  Marine  
  50  6:00  SCV  
  51  6:08  Factory Tech Lab  
  51  6:11  Marine x3  
  51  6:12  SCV  
  55  6:29  Widow Mine  
  55  6:30  Starport  
  56  6:36  Marine x3  
  56  6:51  Widow Mine  
  56  6:53  Marine  
  56  6:54  Marine x2  
  60  7:03  Barracks  
  60  7:11  Starport Reactor, Marine  
  60  7:12  Marine x2, Terran Infantry Weapons Level 1  
  63  7:19  Factory  
  63  7:29  Marine x2  
  61  7:30  Marine  
  59  7:47  Marine x3  
  36  8:08  Liberator x2  
  40  8:17  Factory Tech Lab, Armory  
  37  8:24  SCV  
  38  8:29  Refinery x2, SCV  
  38  8:32  Siege Tank  
  42  8:36  SCV  
  43  8:41  SCV  
  43  8:48  SCV  
  45  8:53  SCV  
  46  9:00  SCV  
  47  9:22  SCV  
  48  9:28  SCV  
  48  9:30  Barracks Tech Lab  
  49  9:34  SCV  
  49  9:37  Barracks Tech Lab  
  50  9:38  Barracks Reactor  
  50  9:40  SCV  
  50  9:43  Siege Tank  
  50  9:44  Liberator x2  
  60  9:46  SCV  
  60  9:50  Starport  
  60  9:51  Terran Ship Weapons Level 1  
  62  9:52  SCV  
  62  9:58  SCV  
  63  10:01  Stimpack  
  63  10:06  Supply Depot  
  63  10:10  Command Center  
  63  10:23  Missile Turret  
  63  10:24  Missile Turret  
  56  10:38  Liberator x2  
  62  10:44  Missile Turret  
  62  10:50  Thor  
  62  10:53  Missile Turret  
  68  10:57  Starport Reactor  
  68  11:13  Missile Turret  
  68  11:25  Liberator x2  
  74  11:33  Orbital Command  
  74  11:36  Missile Turret  
  74  11:47  Terran Vehicle And Ship Armor Level 1  
  74  11:56  Liberator x2  
  80  12:13  Orbital Command  
  80  12:22  Fusion Core  
  80  12:29  Liberator  
  83  13:19  Liberator  
  86  13:20  Liberator  
  86  13:47  Refinery  
  86  13:48  Refinery, Liberator x2  
  92  14:02  Liberator  
  95  14:08  Advanced Ballistics  
  95  14:12  Terran Ship Weapons Level 2  
  95  14:17  Armory  
  95  14:26  Missile Turret  
  95  14:36  Liberator  
  98  14:46  Missile Turret  
  41  15:10  Thor x2  
  53  15:25  Missile Turret  
  53  15:33  Command Center  
Show
View Real Time Build Order
Export as new Build Order

ADYGENIUS Terran 

Build Orders:  

Get SALT Encoding   

  12  0:01  SCV  
  13  0:23  SCV  
  13  0:25  Supply Depot  
  14  0:35  SCV  
  15  0:51  Barracks  
  15  0:55  Barracks  
  15  1:00  SCV  
  16  1:08  Supply Depot  
  16  1:14  SCV  
  17  1:26  SCV  
  17  1:27  Refinery  
  18  1:38  SCV, Marine  
  20  1:44  Barracks  
  20  1:50  SCV  
  21  1:58  Supply Depot  
  21  2:01  Marine  
  21  2:07  Marine  
  23  2:18  SCV  
  23  2:19  Marine  
  25  2:25  Marine  
  26  2:30  SCV  
  26  2:34  Marine  
  28  2:37  Marine  
  28  2:42  Supply Depot, SCV  
  30  2:45  Marine  
  31  2:52  Marine  
  31  2:54  SCV  
  31  2:55  Marine  
  34  3:03  Marine  
  35  3:10  Marine  
  35  3:12  Supply Depot  
  36  3:13  Marine  
  36  3:16  Refinery  
  37  3:28  Marine x2  
  39  3:36  Marine  
  40  3:46  Marine x2  
  42  3:54  Marine  
  43  4:04  Marine x2  
  35  4:11  Marine  
  33  4:21  Marine x2  
  35  4:29  Marine  
  30  4:39  Marine x2  
  32  4:47  Marine  
  33  4:54  Command Center  
  33  4:57  Marine x2  
  35  5:05  Marine  
  36  5:15  Marine x2  
  36  5:16  Factory  
  38  5:23  Marine  
  38  5:26  Supply Depot  
  39  5:33  Marine x2  
  41  5:40  Marine  
  41  5:50  Marine  
  41  5:51  Marine  
  43  5:58  Marine  
  43  6:08  Marine x2  
  43  6:09  Factory Tech Lab  
  45  6:13  Factory  
  45  6:16  Marine  
  46  6:26  Marine x2  
  44  6:34  Marine  
  39  6:44  Marine x2  
  36  6:52  Marine  
  33  6:59  Factory Tech Lab  
  33  7:01  Siege Tank  
  33  7:02  Marine x2  
  33  7:04  SCV  
  39  7:09  Marine  
  39  7:16  SCV  
  39  7:19  Marine  
  39  7:20  Marine  
  40  7:27  Marine  
  40  7:28  SCV  
  35  7:37  Marine x2  
  35  7:40  SCV  
  37  7:44  Siege Tank  
  37  7:45  Marine  
  39  7:52  SCV  
  39  7:55  Marine x2  
  32  8:27  Siege Tank  
  32  8:56  Barracks  
  32  8:59  Barracks  
  32  9:01  Barracks  
  32  9:05  Engineering Bay  
  29  9:25  Supply Depot  
  29  9:28  SCV  
  30  9:40  SCV  
  30  9:41  Factory  
  31  9:47  SCV  
  31  9:50  Marine x3  
  31  9:52  SCV  
  36  9:56  Barracks  
  36  9:59  SCV  
  37  10:04  SCV  
  38  10:08  Marine x3  
  38  10:11  SCV  
  42  10:16  SCV  
  42  10:17  Supply Depot  
  42  10:20  Terran Infantry Weapons Level 1  
  43  10:23  SCV  
  43  10:25  Marine x2  
  43  10:26  Marine  
  47  10:28  SCV  
  48  10:40  SCV  
  48  10:42  Factory Tech Lab  
  49  10:43  Marine x3  
  49  10:48  Factory  
  52  10:52  Marine x2  
  52  10:53  SCV  
  56  10:59  Barracks Tech Lab  
  56  11:01  Marine x2  
  57  11:05  SCV  
  57  11:09  Engineering Bay  
  57  11:10  Marine x3  
  61  11:17  SCV, Siege Tank  
  65  11:19  Marine x2  
  67  11:26  Marine  
  67  11:27  Marine  
  67  11:28  Marine x2  
  71  11:36  Terran Infantry Armor Level 1  
  71  11:37  Marine  
  72  11:41  Missile Turret  
  72  11:45  Missile Turret  
  72  11:50  Marine x4  
  72  11:51  Marine  
  77  12:03  Missile Turret  
  77  12:05  Factory Tech Lab  
  77  12:06  Missile Turret  
  77  12:08  Marine x5  
  82  12:23  Missile Turret  
  82  12:26  Marine x5  
  82  12:27  Siege Tank x2  
  93  12:31  Command Center  
  93  12:36  Armory  
  93  12:40  Marine  
  93  12:42  Armory  
  94  12:51  Supply Depot  
  94  13:03  Supply Depot  
  94  13:13  Marine x6, Supply Depot  
  94  13:15  Starport  
  100  13:27  Supply Depot  
  100  13:30  Marine x2  
  100  13:31  Marine  
  100  13:52  SCV  
  100  13:54  SCV  
  100  13:57  Marine x3  
  100  13:58  Marine x3  
  100  14:02  Combat Shield  
  103  14:06  Terran Infantry Weapons Level 2  
  103  14:07  SCV, Terran Infantry Armor Level 2  
  94  14:17  SCV  
  94  14:19  SCV  
  96  14:26  Starport Reactor  
  96  14:29  SCV  
  96  14:30  Starport  
  96  14:31  SCV  
  98  14:33  Terran Vehicle Weapons Level 1  
  98  14:41  SCV  
  98  14:43  SCV  
  100  14:47  Refinery  
  100  14:53  SCV  
  100  14:54  Refinery  
  100  14:55  SCV  
  92  15:05  SCV  
  83  15:18  Marine x6  
  88  15:24  Starport Reactor  
  88  15:25  Medivac x2  
  92  15:36  Marine  
  66  16:07  Marine  
  66  16:08  Marine x5  
Show
View Real Time Build Order
Export as new Build Order

Zozi Protoss 

Build Orders:  

Get SALT Encoding   

  12  0:00  Probe  
  13  0:08  Probe  
  14  0:21  Probe, Pylon  
  15  0:39  Pylon  
  15  0:46  Probe  
  16  0:58  Probe  
  16  1:00  Gateway  
  17  1:05  Assimilator  
  17  1:06  Probe  
  18  1:14  Probe  
  19  1:26  Gateway  
  19  1:30  Pylon  
  19  1:35  Probe  
  19  1:38  Assimilator  
  20  1:48  Cybernetics Core  
  20  1:59  Probe  
  21  2:07  Gateway  
  21  2:21  Pylon  
  21  2:22  Stalker  
  21  2:24  Stalker  
  25  2:39  Probe  
  25  2:42  Stalker  
  26  2:51  Stalker x2  
  26  2:52  Probe  
  33  3:09  Stalker  
  35  3:18  Stalker  
  33  4:31  Stalker  
  31  4:32  Stalker  
  31  4:33  Stalker  
  33  4:50  Stalker  
  33  4:54  Warp Gate  
  33  4:59  Stalker  
  33  5:00  Stalker  
  39  5:09  Gateway  
  39  5:11  Stalker  
  39  5:21  Zealot  
  41  5:24  Pylon  
  41  5:30  Zealot  
  45  5:37  Zealot, Pylon  
  47  5:47  Zealot  
  49  6:04  Zealot  
  37  6:57  Stalker x4  
  27  7:48  Stalker x4  
  27  8:15  Stalker x4  
  22  8:55  Stargate  
  22  8:57  Stargate  
  22  9:02  Pylon  
  22  9:06  Gateway  
  22  9:16  Nexus  
  22  9:17  Probe  
  22  9:18  Pylon  
  22  9:21  Assimilator  
  22  9:23  Assimilator  
  23  9:25  Probe  
  24  9:35  Probe  
  25  9:43  Void Ray x2  
  33  9:47  Probe  
  34  9:56  Cybernetics Core  
  34  9:59  Probe  
  35  10:00  Pylon  
  35  10:11  Probe  
  44  10:23  Probe  
  44  10:24  Void Ray x2  
  45  10:33  Probe  
  45  10:35  Probe  
  47  10:45  Probe  
  47  10:47  Probe  
  47  10:48  Pylon  
  49  11:01  Void Ray x2  
  57  11:05  Probe  
  57  11:06  Probe  
  57  11:10  Pylon  
  59  11:18  Probe  
  60  11:31  Protoss Air Weapons Level 1  
  60  11:37  Shield Battery  
  64  11:40  Void Ray  
  64  11:41  Shield Battery  
  64  12:04  Pylon  
  64  12:13  Void Ray  
  64  12:14  Forge  
  64  12:18  Void Ray  
  72  12:44  Pylon  
  72  12:49  Pylon  
  72  12:51  Protoss Shields Level 1  
  76  13:00  Pylon  
  76  13:01  Void Ray  
  80  13:08  Void Ray  
  80  13:09  Fleet Beacon  
  80  13:23  Protoss Air Armor Level 1  
  84  13:44  Void Ray  
  84  13:45  Flux Vanes  
  88  13:51  Void Ray  
  88  14:18  Carrier  
  88  14:23  Carrier  
  100  14:32  Pylon  
  100  14:36  Pylon  
Tags
 
Add a new tag
Caveats
  • Supply blocks, unpowered buildings, or Contaminate may cause inaccurate times.
  • Supply counts are checked every 10 seconds.